 Dungeon Crawl Stone Soup version 0.31.0-11-ge490571c62 (webtiles) character file.

Game seed: 1856655089974300369

79166 ProzacElf the Impaler (level 15, 39/109 (115) HPs)
             Began as a Merfolk Berserker on Feb 3, 2024.
             Was a High Priest of Trog.
             Quit the game on level 2 of the Abyss.
             The game lasted 01:04:49 (21775 turns).

ProzacElf the Impaler (Merfolk Berserker)          Turns: 21775, Time: 01:04:49

HP:   39/109 (115)  AC: 24    Str: 23    XL:     15   Next: 62%
MP:   15/15         EV: 15    Int:  3    God:    Trog [*****.]
Gold: 2044          SH:  8    Dex: 17    Spells: 14/14 levels left

rFire   + . .        a - +3 trident
rCold   + . .        c - +2 buckler {AC+3}
rNeg    . . .        W - +2 gold dragon scales
rPois   +            u - +0 helmet
rElec   .            q - +0 cloak
rCorr   .            m - +1 pair of gloves
SInv    .            Y - +1 pair of boots
Will    +....        N - amulet of regeneration Stlth
                     n - +6 ring of strength
HPRegen 1.18/turn    E - +5 ring of evasion
MPRegen 0.14/turn

%: no passive effects
@: studying Shields, drained
A: (nimble swimmer 2), mertail, [deformed body], [dopey 2], [weak 2], [no potion
heal 2], [subdued magic 2], [inability to read after injury 2]
a: Renounce Religion, Berserk, Trog's Hand, Brothers in Arms


You were on level 2 of the Abyss.
You worshipped Trog.
Trog was extremely pleased with you.
You visited 4 branches of the dungeon, and saw 20 of its levels.
You visited the Abyss 1 time.

You collected 2237 gold pieces.
You spent 193 gold pieces at shops.

Inventory:

Hand Weapons
 a - a +3 trident (weapon)
 b - a +0 longbow of chaos
 h - a +5 heavy bardiche
Missiles
 i - 32 boomerangs (quivered)
 p - a curare-tipped dart
 D - 22 poisoned darts
Armour
 c - a +2 buckler of protection (worn)
 m - a +1 pair of gloves (worn)
 q - a +0 cloak (worn)
 u - a +0 helmet (worn)
 z - the +6 scale mail "Boppiuf" {^Drain Regen+ Str+7}
   (You found it on level 5 of the Lair of Beasts)

   Str+7:     It affects your strength (+7).
   Regen+:    It increases your rate of health regeneration.
   ^Drain:    It drains your maximum health when unequipped.
 W - +2 gold dragon scales (worn)
 Y - a +1 pair of boots (worn)
Jewellery
 d - a ring of protection from cold
 n - a +6 ring of strength (left hand)
 w - a ring of protection from fire
 y - a ring of protection from cold
 C - a ring of flight
 E - a +5 ring of evasion (right hand)
 N - an amulet of regeneration (around neck)
 R - a ring of protection from fire
Wands
 v - a wand of mindburst (10)
 x - a wand of flame (16)
 F - a wand of charming (21)
 M - a wand of digging (6)
 P - a wand of polymorph (2)
 U - a wand of acid (7)
Scrolls
 e - a scroll of identify
 f - 3 scrolls of teleportation
 j - 3 scrolls of fog
 G - 3 scrolls of fear
 H - 5 scrolls of revelation
 J - a scroll of silence
 O - a scroll of enchant weapon
 S - a scroll of blinking
Potions
 g - 5 potions of enlightenment
 k - 7 potions of curing
 l - 2 potions of cancellation
 r - a potion of haste
 s - 5 potions of mutation
 t - 3 potions of lignification
 B - 7 potions of ambrosia {!e}
 I - 7 potions of might
 L - 2 potions of resistance
 T - 2 potions of heal wounds
 X - 4 potions of berserk rage
 Z - a potion of invisibility
Miscellaneous
 o - a phantom mirror
 V - a sack of spiders


   Skills:
 - Level 10.0 Fighting
 - Level 15.0 Polearms
 + Level 5.2 Ranged Weapons
 - Level 10.0 Throwing
 + Level 10.5 Armour
 - Level 15.0 Dodging
 - Level 5.0 Stealth
 - Level 5.0 Shields
 - Level 10.0 Evocations


You had 14 spell levels left.
You didn't know any spells.
Your spell library was empty.

Dungeon Overview and Level Annotations

Branches:
Dungeon (12/15)            Temple (1/1) D:6            Lair (5/5) D:11
  Swamp (0/4) Lair:2       Spider (0/4) Lair:2        Slime (0/5) Lair:5
    Orc (2/2) D:12            Elf (0/3) Orc:2

Altars:
Ashenzari
Cheibriados
Dithmenos
Elyvilon
Fedhas
Gozag
Hepliaklqana
Kikubaaqudgha
Makhleb
Nemelex Xobeh
Okawaru
Qazlal
Ru
Sif Muna
Trog
Uskayaw
Vehumet
Wu Jian
Xom
Yredelemnul
Zin
The Shining One

Shops:
D:4 *   D:6 ((=*   D:9 :   Orc:1 [   Orc:2 :

Annotations:
D:1 gold past fire
Orc:1 3 runed translucent doors, Dootley's ghost, journeyman FoFi; Maimakterion's ghost, journeyman GrFi; hikkokomori's ghost, journeyman DECj
Orc:2 Erolcha


Innate Abilities, Weirdness & Mutations

((You are very nimble when in or above water. (Stealth+, EV+, Speed+++)))
Your lower body shifts to a powerful aquatic tail in water.
[Armour fits poorly on your strangely shaped body.]
[You are very dopey. (Int -4)]
[You are very weak. (Str -4)]
[Potions cannot restore your health.]
[Your spells are easier to cast, but less powerful.]
[You sometimes lose the ability to read scrolls when taking damage.]


Message History

Tha wretched star be lightly damaged.
An 'secutioner comes inta view.
Tha 'secutioner gives a hideous shriek!
Ye puncture tha wretched star!
Tha wretched star be heavily damaged.
Ye closely miss tha wretched star.
Tha wretched star be moderately damaged.
Ye closely miss tha wretched star.
Tha wretched star be moderately damaged.
Ye impale tha wretched star!!
Tha wretched star be severely damaged.
Ye hit tha wretched star but do nay damage.
Tha wretched star be severely damaged.
Ye hit tha wretched star.
Tha wretched star be severely damaged.
Tha 'secutioner gestures.
Tha 'secutioner seems ta speed up.
Tha wretched star pulses wit' an eldritch light!
Ye feel stupid. x2
Tha 'secutioner completely misses ye.
Tha 'secutioner hits ye but does nay damage. x2
Ye puncture tha wretched star!
Tha wretched star be severely damaged.
Tha 'secutioner completely misses ye.
Tha 'secutioner misses ye.
Tha 'secutioner hits ye but does nay damage. x4
Ye completely miss tha wretched star.
Tha wretched star be severely damaged.
Tha 'secutioner hits ye!
Tha 'secutioner hits ye but does nay damage.
Tha 'secutioner closely misses ye.
Tha 'secutioner hits ye!
Ye block tha 'secutioner's attack.
Tha 'secutioner barely misses ye.
Ye take 28 damage, an' haf 59/109 hp.
MASSIVE DAMAGE!!
Ye barely miss tha wretched star.
Tha wretched star be severely damaged.
Tha 'secutioner hits ye!!
Ye block tha 'secutioner's attack.
Tha 'secutioner misses ye.
Ye take 20 damage, an' haf 39/109 hp.
Okay, than.
Okay, than.
Be ye sure ye want ta abandon 'tis character an' quit tha game? (Confirm wit' "aye".)

.. #.## .. #.#. ###
...###...###.# ..
..#.....#..### . .. .
.............##. .
#...................#
##..### ..###@1.###.
# ... #.
.#.....#*....#.. .. .
# .. ... ............
.. ## #..
.#.....#.....#.....#
.. . .
##...###...###...##
.. ## ##.## ##.## .#
.. ...###...###...##
.. . .....#....
#.....# ≈ .. ......
.........


You could see a wretched star and an Executioner (fast).

Vanquished Creatures
  An orc warlord (D:12)
  2 hydras
  A rakshasa (D:12)
  A ghost crab (Lair:2)
  A catoblepas (Lair:5)
  An ogre mage (Orc:2)
  An anaconda (Lair:5)
  4 two-headed ogres
  2 death yaks (Lair:5)
  A dancing weapon (D:12)
  An orc high priest (Orc:1)
  A vampire mage (D:12)
  Nergalle (D:11)
  3 skeletal warriors (D:12)
  3 skysharks
  A flayed ghost (D:12)
  Pikel (D:9)
  An orc knight (D:11)
  8 orc sorcerers (Orc:2)
  A wolf spider (Lair:5)
  4 cyclopes
  2 ugly things (D:12)
  A large abomination (Abyss:2)
  4 slime creatures (D:10)
  11 elephants
  5 black mambas
  An eye of devastation (Lair:5)
  A torpor snail (Lair:4)
  A black mamba (shapeshifter) (D:12)
  An unseen horror (shapeshifter) (D:12)
  2 unseen horrors (D:12)
  2 gargoyles
  15 cane toads
  A kobold demonologist (D:12)
  5 rime drakes
  A rime drake (shapeshifter) (D:12)
  4 komodo dragons
  Psyche (D:9)
  An efreet (D:10)
  4 guardian mummies (D:12)
  A polar bear (shapeshifter) (D:12)
  7 trolls
  A tyrant leech (Lair:5)
  2 polar bears
  18 blink frogs
  A hornet (D:8)
  Prince Ribbit (D:9)
  A dream sheep (shapeshifter) (D:12)
  3 jumping spiders (Lair:2)
  A shadow (D:10)
  Sigmund (D:3)
  4 culicivoras (Lair:2)
  3 wraiths
  A ynoxinul (Abyss:2)
  41 yaks
  3 wyverns
  Eustachio (D:4)
  A spriggan (shapeshifter) (D:12)
  6 vampires
  3 wargs
  2 redbacks (Lair:2)
  8 vampire mosquitoes
  A fire bat (shapeshifter) (D:12)
  A basilisk (Lair:1)
  A steam dragon (D:7)
  5 golden eyes (D:12)
  A chaos spawn (D:12)
  12 water moccasins
  3 acid dragons (D:12)
  Edmund (D:5)
  3 sky beasts
  An ice beast (D:6)
  2 black bears (D:5)
  Pargi (D:3)
  10 ogres
  25 orc warriors
  2 centaurs
  9 wolves
  2 lemures (D:9)
  2 phantoms
  2 kobold brigands
  20 bullfrogs
  A spectral water moccasin (Lair:2)
  A gnoll sergeant (D:11)
  4 scorpions
  11 wights
  3 shapeshifter zombies (D:12)
  8 killer bees
  A spectral wolf (Lair:2)
  4 electric eels
  4 howler monkeys
  2 jellies
  A bombardier beetle (D:3)
  6 hounds
  12 orc priests
  An iguana (D:6)
  Jessica (D:2)
  2 sleepcaps (D:5)
  Terence (D:3)
  Ijyb (D:4)
  34 orc wizards
  4 shapeshifter simulacra (D:12)
  2 hell rats (D:11)
  Robin (D:3)
  3 gnolls (D:11)
  2 river rats (D:11)
  2 adders
  3 shadow imps
  A white imp (D:5)
  6 ufetubi
  The ghost of Skitler the Covert, a weakling GnDe (D:5)
  2 dart slugs (D:4)
  89 orcs
  6 bats
  10 endoplasms
  3 giant cockroaches
  15 goblins
  9 hobgoblins
  2 jackals (D:4)
  4 quokkas
  11 ball pythons
  8 frilled lizards
  16 kobolds
  8 rats
623 creatures vanquished.

Vanquished Creatures (collateral kills)
  A dire elephant (Lair:5)
  A rakshasa (D:12)
  A boulder beetle (Lair:4)
  3 death yaks (D:11)
  A vampire mage (D:12)
  A goliath frog (Lair:5)
  A skyshark (Lair:5)
  An orc sorcerer (Orc:1)
  2 elephants (Lair:4)
  A black mamba (Lair:4)
  3 cane toads
  A komodo dragon (Lair:4)
  2 rime drakes (Lair:4)
  A polar bear (Lair:4)
  A glass eye (Lair:5)
  5 dream sheep (Lair:5)
  A blink frog (Lair:4)
  A basilisk (Lair:5)
  A wyvern (Lair:5)
  A vampire mosquito (Lair:5)
  4 water moccasins
  An orc (Orc:1)
35 creatures vanquished.

Vanquished Creatures (others)
  A vampire (D:12)
  An orc wizard (Orc:2)
  A gnoll (D:11)
3 creatures vanquished.

Grand Total: 661 creatures vanquished

Notes
Turn   | Place    | Note
-------+----------+-------------------------------------------
     0 | D:1      | ProzacElf the Merfolk Berserker began the quest for the
                  | Orb.
     0 | D:1      | Reached XP level 1. HP: 18/18 MP: 1/1
   173 | D:1      | Reached XP level 2. HP: 20/24 MP: 2/2
  1012 | D:2      | Reached ** piety under Trog
  1013 | D:2      | Reached XP level 3. HP: 26/29 MP: 3/3
  1050 | D:2      | Reached skill level 5 in Polearms
  1052 | D:2      | Noticed Jessica
  1062 | D:2      | Killed Jessica
  1063 | D:2      | Reached XP level 4. HP: 33/35 MP: 4/4
  1507 | D:3      | Noticed Terence
  1518 | D:3      | Killed Terence
  1518 | D:3      | Noticed Pargi
  1519 | D:3      | Reached skill level 5 in Dodging
  1559 | D:3      | Killed Pargi
  1560 | D:3      | Reached XP level 5. HP: 41/41 MP: 5/5
  1640 | D:3      | Noticed Sigmund
  1650 | D:3      | Killed Sigmund
  1651 | D:3      | Reached XP level 6. HP: 47/47 MP: 6/6
  1882 | D:3      | Found a snail-covered altar of Cheibriados.
  2068 | D:3      | Noticed Robin
  2160 | D:3      | Killed Robin
  2246 | D:4      | Noticed Ijyb
  2270 | D:4      | Killed Ijyb
  2271 | D:4      | Reached XP level 7. HP: 27/52 MP: 7/7
  2276 | D:4      | Reached *** piety under Trog
  2393 | D:4      | Found a glowing silver altar of Zin.
  2507 | D:4      | Noticed Eustachio
  2553 | D:4      | Killed Eustachio
  2554 | D:4      | Reached skill level 10 in Polearms
  2856 | D:4      | Found Tetemusk's General Store.
  2869 | D:4      | Bought a scroll of teleportation for 30 gold pieces
  2869 | D:4      | Bought a potion of curing for 30 gold pieces
  3283 | D:5      | Entered Level 5 of the Dungeon
  3412 | D:5      | Reached XP level 8. HP: 58/58 MP: 8/8
  3613 | D:5      | Found a runed translucent gate.
  3613 | D:5      | Found a runed translucent gate.
  3613 | D:5      | Found a runed translucent gate.
  3615 | D:5      | Noticed Skitler's ghost (weakling GnDe)
  3660 | D:5      | Noticed Edmund
  3683 | D:5      | Killed Edmund
  4277 | D:5      | Killed Skitler's ghost
  4367 | D:6      | Reached **** piety under Trog
  4472 | D:6      | Found Jifri's Weapon Boutique.
  4472 | D:6      | Noticed a +0 giant spiked club
  4472 | D:6      | Noticed a +0 demon trident
  4498 | D:6      | Noticed a cyclops
  4498 | D:6      | Noticed a gargoyle
  4722 | D:6      | Reached XP level 9. HP: 60/64 MP: 9/9
  4782 | D:6      | Reached skill level 1 in Evocations
  4815 | D:6      | Found Mestreorr's General Store.
  4954 | D:6      | Bought a scroll of revelation for 105 gold pieces
  4954 | D:6      | Bought a scroll of identify for 28 gold pieces
  5117 | D:6      | Found Nalac's Jewellery Boutique.
  5301 | D:6      | Killed a cyclops
  5302 | D:6      | Reached skill level 15 in Polearms
  5498 | D:6      | Reached skill level 1 in Shields
  5526 | D:6      | Found a staircase to the Ecumenical Temple.
  5539 | Temple   | Entered the Ecumenical Temple
  5665 | D:6      | Killed a gargoyle
  5666 | D:6      | Reached skill level 5 in Evocations
  5849 | D:6      | Found Noyxudoch's Antique Weapon Shop.
  6139 | D:7      | Found a sacrificial altar of Ru.
  6170 | D:7      | Reached skill level 5 in Shields
  6178 | D:7      | Reached XP level 10. HP: 64/70 MP: 10/10
  6876 | D:7      | Reached skill level 1 in Stealth
  7002 | D:8      | Found a radiant altar of Vehumet.
  7042 | D:8      | Reached ***** piety under Trog
  7279 | D:8      | Reached skill level 5 in Stealth
  7562 | D:8      | Found a basalt altar of Yredelemnul.
  7562 | D:8      | Found an ornate altar of the Wu Jian Council.
  7585 | D:8      | Found a sparkling altar of Nemelex Xobeh.
  7588 | D:8      | Found a shadowy altar of Dithmenos.
  7590 | D:8      | Found a burning altar of Makhleb.
  7595 | D:8      | Found a hazy altar of Hepliaklqana.
  7697 | D:9      | Noticed a two-headed ogre
  7711 | D:9      | Killed a two-headed ogre
  7712 | D:9      | Reached skill level 5 in Armour
  7712 | D:9      | Reached XP level 11. HP: 55/77 MP: 11/11
  7800 | D:9      | Reached skill level 5 in Fighting
  8112 | D:9      | Noticed a two-headed ogre
  8123 | D:9      | Killed a two-headed ogre
  8194 | D:9      | Noticed Prince Ribbit
  8209 | D:9      | Killed Prince Ribbit
  8210 | D:9      | Noticed Psyche
  8225 | D:9      | Killed Psyche
  8502 | D:9      | Noticed Pikel
  8530 | D:9      | Killed Pikel
  8733 | D:9      | Found Hexzim's Book Boutique.
  8747 | D:9      | Reached skill level 5 in Throwing
  9030 | D:10     | Entered Level 10 of the Dungeon
  9157 | D:10     | Received a gift from Trog
  9971 | D:10     | Reached XP level 12. HP: 71/94 MP: 12/12
 10103 | D:11     | Noticed Nergalle
 10131 | D:11     | Killed Nergalle
 10578 | D:11     | Noticed a death yak
 10582 | D:11     | Noticed a death yak
 10601 | D:11     | Noticed a death yak
 10604 | D:11     | Killed a death yak
 10605 | D:11     | Reached skill level 10 in Fighting
 10607 | D:11     | Killed a death yak
 10612 | D:11     | Killed a death yak
 10692 | D:11     | Found a staircase to the Lair.
 10984 | Lair:1   | Entered Level 1 of the Lair of Beasts
 11144 | Lair:1   | Reached skill level 10 in Throwing
 11232 | Lair:1   | Received a gift from Trog
 11530 | Lair:1   | Reached XP level 13. HP: 99/103 MP: 13/13
 12120 | Lair:2   | Found a staircase to the Swamp.
 12693 | Lair:2   | Found a hole to the Spider Nest.
 13665 | Lair:3   | Identified the +0 chain mail "Avvisac" {rElec Str+2}
 14139 | Lair:4   | Reached skill level 10 in Evocations
 14693 | Lair:5   | Entered Level 5 of the Lair of Beasts
 15012 | Lair:5   | Reached XP level 14. HP: 110/110 MP: 14/14
 15355 | Lair:5   | Found a staircase to the Slime Pits.
 15379 | Lair:5   | Reached skill level 10 in Armour
 15604 | Lair:5   | Identified the +6 scale mail "Boppiuf" {^Drain Regen+
                  | Str+7}
 15795 | Lair:5   | Noticed a dire elephant
 15803 | Lair:5   | Killed a dire elephant
 15976 | Lair:5   | Reached skill level 10 in Dodging
 16076 | Lair:5   | Received a gift from Trog
 17019 | D:12     | Found a staircase to the Orcish Mines.
 17531 | D:12     | Found a sparkling altar of Nemelex Xobeh.
 17555 | D:12     | Found a shimmering altar of Xom.
 17555 | D:12     | Found an ancient bone altar of Kikubaaqudgha.
 17555 | D:12     | Found a basalt altar of Yredelemnul.
 17641 | D:12     | Found a shimmering altar of Xom.
 17698 | D:12     | Reached XP level 15. HP: 107/115 MP: 15/15
 18698 | D:12     | Reached skill level 15 in Dodging
 18730 | D:12     | Reached skill level 1 in Ranged Weapons
 19958 | Orc:1    | Entered Level 1 of the Orcish Mines
 19980 | Orc:1    | Found Eretriusch's Antique Armour Shop.
 19981 | Orc:1    | You fall into a shaft and drop 1 floor!
 19981 | Orc:2    | Entered Level 2 of the Orcish Mines
 20537 | Orc:2    | Found a staircase to the Elven Halls.
 20860 | Orc:1    | Noticed an orc warlord
 20960 | D:12     | Killed an orc warlord
 21133 | Orc:1    | Found a runed translucent gate.
 21134 | Orc:1    | Found a runed translucent gate.
 21135 | Orc:1    | Found a runed translucent gate.
 21136 | Orc:1    | Noticed hikkokomori's ghost (journeyman DECj)
 21136 | Orc:1    | Noticed Dootley's ghost (journeyman FoFi)
 21136 | Orc:1    | Noticed Maimakterion's ghost (journeyman GrFi)
 21566 | Orc:2    | Found an ancient bone altar of Kikubaaqudgha.
 21593 | Orc:2    | Received a gift from Trog
 21594 | Orc:2    | Reached skill level 5 in Ranged Weapons
 21659 | Orc:2    | Found Ceetz's Book Boutique.
 21665 | Orc:2    | Noticed Erolcha
 21665 | Abyss:2  | Cast into level 2 of the Abyss (Erolcha)
 21668 | Abyss:2  | Found a corrupted altar of Lugonu.
 21765 | Abyss:2  | Noticed an Executioner
 21775 | Abyss:2  | Quit the game

Illustrated notes

Levels and vault maps discovered:
D:1:      nicolae_arrival_somewhat_less_tricky_arrival, layout_basic,
          st_stairs_2, lemuel_flame_loot_1
D:2:      layout_basic, grunt_decor_arrowhead, mrwooster_statue_mirror,
          uniq_jessica
D:3:      layout_rooms, slow_altar_1, uniq_terence, uniq_pargi, uniq_robin,
          uniq_sigmund
D:4:      layout_loops_ring, zin_academy, serial_shops, nicolae_shop_crystal,
          uniq_ijyb, uniq_eustachio
D:5:      layout_basic, gammafunk_ghost_nasty_kobolds,
          chequers_serial_rivers_large_b, uniq_edmund
D:6:      layout_basic, minmay_temple_entry_junction, serial_shops,
          nicolae_shop_pleasant_corner_grove, nicolae_shop_mannequins,
          kennysheep_mini_moat, nicolae_inconvenience_store, minmay_manual_mail
D:7:      layout_basic, nicolae_ru_great_annihilating_truth, dk_noncrumbling_4
D:8:      layout_rooms, vehumet_crystals, nicolae_overflow_hallway_of_the_gods,
          grunt_ministairs_15
D:9:      layout_grid_maze, serial_shops, nicolae_book_shop_shelving,
          uniq_pikel, uniq_prince_ribbit1, uniq_psyche
D:10:     layout_basic
D:11:     layout_basic, dpeg_lair_monsters, special_room [special_room_orc],
          grunt_ministairs_12, uniq_nergalle
D:12:     skrybe_chaotic_catacombs, layout_stronghold, orc_0_dummy,
          dk_vineyard_1, nemelex_diamond_rough_becter
Temple:   nicolae_temple_hex_pool
Lair:1:   layout_roguey, pdpol_lair_neglected_garden, serial_bayou_shore_a
Lair:2:   layout_small_grid, nicolae_swamp_entry_spooky,
          nicolae_spider_entry_tight_spaces
Lair:3:   layout_cellular_growth
Lair:4:   layout_concentric_octagons, nzn_sisyphean_effort
Lair:5:   minmay_lair_end_frog_pond, layout_regular_city,
          minmay_slime_entry_eyes, hangedman_lair_generics_rect
Orc:1:    layout_diamond_mine, gammafunk_ghost_cemetery, serial_shops, shop
Orc:2:    kennysheep_orc_mage_school, layout_caves, basic_altar
Abyss:2:  base:
D:8

Skill      XL: |  1  2  3  4  5  6  7  8  9 10 11 12 13 14 15 |
---------------+----------------------------------------------+-----
Dodging        | 3 4 5 14 15 | 15.0
Polearms       | 5 7 8 9 11 14 15 | 15.0
Evocations     | 5 7 8 10 | 10.0
Shields        | 5 |  5.0
Stealth        | 5 |  5.0
Armour         | 5 9 10 | 10.5
Fighting       | 4 8 10 | 10.0
Throwing       | 2 7 10 | 10.0
Ranged Weapons | 5 |  5.2

Action                     |  1- 3 |  4- 6 |  7- 9 | 10-12 | 13-15 || total
---------------------------+-------+-------+-------+-------+-------++-------
  Melee: Spear             |    60 |    83 |       |       |       ||   143
         Trident           |       |    77 |   430 |  1119 |  1933 ||  3559
         Tailslap          |       |       |       |       |     3 ||     3
         Unarmed           |       |       |       |       |     2 ||     2
  Throw: Dart              |       |       |     1 |     9 |       ||    10
         Boomerang         |       |       |       |       |     9 ||     9
 Invoke: Berserk           |       |     4 |     3 |     1 |       ||     8
         Trog's Hand       |       |     2 |     1 |     1 |    13 ||    17
         Brothers in Arms  |       |       |       |     1 |    11 ||    12
  Evoke: Wand              |       |       |       |     4 |    13 ||    17
    Use: Scroll            |       |       |     8 |     8 |    12 ||    28
         Potion            |       |       |     2 |       |     7 ||     9
   Stab: Sleeping          |     1 |       |       |       |     1 ||     2
         Distracted        |       |       |     1 |       |     3 ||     4
         Confused          |       |       |     1 |       |       ||     1
         Paralysed         |       |       |     1 |       |       ||     1
         Petrifying        |       |       |       |       |     2 ||     2
 Armour: Animal skin       |     8 |       |       |       |       ||     8
         Leather armour    |     4 |     6 |       |       |       ||    10
         Plate armour      |       |    99 |   144 |   406 |   138 ||   787
         Skin              |       |     4 |     5 |       |     5 ||    14
         Chain mail        |       |       |       |       |   211 ||   211
         Scale mail        |       |       |       |       |   269 ||   269
         Gold dragon scale |       |       |       |       |   258 ||   258
  Dodge: Dodged            |    18 |    51 |   108 |   325 |   831 ||  1333
  Block: Buckler           |     5 |    35 |    36 |   155 |   453 ||   684

Action                     |  1- 3 |  4- 6 |  7- 9 | 10-12 | 13-15 || total
---------------------------+-------+-------+-------+-------+-------++-------
  Melee: Spear             |    60 |    83 |       |       |       ||   143
         Trident           |       |    77 |   430 |  1119 |  1933 ||  3559
         Tailslap          |       |       |       |       |     3 ||     3
         Unarmed           |       |       |       |       |     2 ||     2
  Throw: Dart              |       |       |     1 |     9 |       ||    10
         Boomerang         |       |       |       |       |     9 ||     9
 Invoke: Berserk           |       |     4 |     3 |     1 |       ||     8
         Trog's Hand       |       |     2 |     1 |     1 |    13 ||    17
         Brothers in Arms  |       |       |       |     1 |    11 ||    12
  Evoke: Wand              |       |       |       |     4 |    13 ||    17
    Use: Scroll            |       |       |     8 |     8 |    12 ||    28
         Potion            |       |       |     2 |       |     7 ||     9
   Stab: Sleeping          |     1 |       |       |       |     1 ||     2
         Distracted        |       |       |     1 |       |     3 ||     4
         Confused          |       |       |     1 |       |       ||     1
         Paralysed         |       |       |     1 |       |       ||     1
         Petrifying        |       |       |       |       |     2 ||     2
 Armour: Animal skin       |     8 |       |       |       |       ||     8
         Leather armour    |     4 |     6 |       |       |       ||    10
         Plate armour      |       |    99 |   144 |   406 |   138 ||   787
         Skin              |       |     4 |     5 |       |     5 ||    14
         Chain mail        |       |       |       |       |   211 ||   211
         Scale mail        |       |       |       |       |   269 ||   269
         Gold dragon scale |       |       |       |       |   258 ||   258
  Dodge: Dodged            |    18 |    51 |   108 |   325 |   831 ||  1333
  Block: Buckler           |     5 |    35 |    36 |   155 |   453 ||   684

Levels and vault maps discovered:
D:1:      nicolae_arrival_somewhat_less_tricky_arrival, layout_basic,
          st_stairs_2, lemuel_flame_loot_1
D:2:      layout_basic, grunt_decor_arrowhead, mrwooster_statue_mirror,
          uniq_jessica
D:3:      layout_rooms, slow_altar_1, uniq_terence, uniq_pargi, uniq_robin,
          uniq_sigmund
D:4:      layout_loops_ring, zin_academy, serial_shops, nicolae_shop_crystal,
          uniq_ijyb, uniq_eustachio
D:5:      layout_basic, gammafunk_ghost_nasty_kobolds,
          chequers_serial_rivers_large_b, uniq_edmund
D:6:      layout_basic, minmay_temple_entry_junction, serial_shops,
          nicolae_shop_pleasant_corner_grove, nicolae_shop_mannequins,
          kennysheep_mini_moat, nicolae_inconvenience_store, minmay_manual_mail
D:7:      layout_basic, nicolae_ru_great_annihilating_truth, dk_noncrumbling_4
D:8:      layout_rooms, vehumet_crystals, nicolae_overflow_hallway_of_the_gods,
          grunt_ministairs_15
D:9:      layout_grid_maze, serial_shops, nicolae_book_shop_shelving,
          uniq_pikel, uniq_prince_ribbit1, uniq_psyche
D:10:     layout_basic
D:11:     layout_basic, dpeg_lair_monsters, special_room [special_room_orc],
          grunt_ministairs_12, uniq_nergalle
D:12:     skrybe_chaotic_catacombs, layout_stronghold, orc_0_dummy,
          dk_vineyard_1, nemelex_diamond_rough_becter
Temple:   nicolae_temple_hex_pool
Lair:1:   layout_roguey, pdpol_lair_neglected_garden, serial_bayou_shore_a
Lair:2:   layout_small_grid, nicolae_swamp_entry_spooky,
          nicolae_spider_entry_tight_spaces
Lair:3:   layout_cellular_growth
Lair:4:   layout_concentric_octagons, nzn_sisyphean_effort
Lair:5:   minmay_lair_end_frog_pond, layout_regular_city,
          minmay_slime_entry_eyes, hangedman_lair_generics_rect
Orc:1:    layout_diamond_mine, gammafunk_ghost_cemetery, serial_shops, shop
Orc:2:    kennysheep_orc_mage_school, layout_caves, basic_altar
Abyss:2:  base:
D:8
